Map: Acropolis LE

Players

Relax

  • Race: Terran Terran
  • League: Platinum
  • Spawn Location: 5:00

pHARM - Winner!

  • Race: Zerg Zerg
  • League: Platinum
  • Spawn Location: 11:00

VOD

Have the link to the VOD?

Description

Time

  • Played on: Aug. 20, 2019, 8:16 p.m.
  • Length: 30:49
Show
View Real Time Build Order
Export as new Build Order

Relax Terran 

Build Orders: Gas First Reaper Expand 

Get SALT Encoding   

  12  0:00  SCV  
  13  0:16  SCV, Supply Depot  
  14  0:25  Refinery  
  14  0:28  SCV  
  15  0:41  SCV  
  16  0:56  Barracks  
  16  0:57  SCV  
  17  1:10  SCV  
  18  1:22  SCV  
  19  1:43  Orbital Command, Reaper  
  20  1:52  Supply Depot  
  20  2:02  Command Center  
  20  2:09  SCV  
  21  2:19  Factory  
  21  2:23  Refinery  
  21  2:28  SCV  
  22  2:40  SCV  
  22  2:41  Barracks Reactor  
  23  2:51  Barracks  
  23  2:52  SCV  
  24  3:04  Factory Tech Lab, SCV  
  25  3:10  Supply Depot  
  25  3:13  Starport  
  25  3:16  SCV  
  26  3:28  SCV  
  26  3:33  Orbital Command  
  27  3:35  Marine  
  27  3:36  Marine  
  27  3:40  Barracks Tech Lab  
  29  3:44  SCV  
  30  3:52  Viking  
  32  3:56  SCV  
  32  3:57  Siege Tank  
  36  4:04  SCV  
  36  4:08  SCV  
  38  4:16  SCV, Supply Depot  
  39  4:17  Marine, Stimpack  
  39  4:20  SCV  
  41  4:28  Marine x2, SCV  
  44  4:33  Siege Tank, SCV  
  44  4:35  Marine  
  44  4:36  Refinery  
  49  4:40  SCV  
  49  4:42  Supply Depot  
  49  4:45  SCV  
  51  4:46  Marine  
  52  4:52  SCV  
  52  4:57  SCV  
  52  4:58  Marine x2  
  56  5:05  SCV  
  57  5:07  Barracks  
  57  5:09  Barracks, SCV  
  57  5:17  SCV  
  57  5:21  SCV  
  59  5:29  SCV, Starport Reactor  
  59  5:33  SCV  
  61  5:41  SCV, Refinery  
  62  5:49  Supply Depot  
  62  5:52  Supply Depot  
  62  5:57  Engineering Bay  
  62  6:00  Engineering Bay  
  62  6:02  Combat Shield  
  62  6:04  Barracks Reactor x2  
  62  6:11  Marine x3, Siege Tank, SCV x2  
  70  6:13  Supply Depot  
  70  6:17  Supply Depot  
  70  6:23  SCV x2  
  72  6:29  Marine x3  
  72  6:31  Command Center  
  75  6:35  SCV x2  
  77  6:41  Barracks, Terran Infantry Weapons Level 1  
  77  6:42  Terran Infantry Armor Level 1  
  77  6:56  Factory Reactor  
  77  6:57  Starport  
  77  6:58  Fusion Core  
  77  6:59  SCV x2  
  79  7:07  Marine x5  
  79  7:08  Marine x2  
  86  7:11  SCV x2  
  86  7:15  Supply Depot x2  
  88  7:23  SCV  
  88  7:25  Marine  
  88  7:27  Medivac x2  
  94  7:31  Supply Depot  
  94  7:33  Supply Depot  
  94  7:45  Supply Depot  
  94  7:51  Battlecruiser  
  94  7:52  Barracks Reactor  
  100  8:00  SCV x2  
  100  8:03  Planetary Fortress  
  102  8:06  Marine x5  
  102  8:07  Widow Mine x2  
  102  8:08  Medivac  
  102  8:12  SCV x2  
  115  8:29  Widow Mine x2  
  94  8:46  Marine x6  
  94  8:47  Marine x3  
  90  8:50  Widow Mine x2  
  88  9:03  Marine  
  88  9:04  Marine x6  
  88  9:05  Marine x2  
  88  9:06  SCV x2  
  99  9:18  SCV x2  
  99  9:21  Marine x2  
  99  9:22  Marine  
  99  9:23  Marauder  
  106  9:30  SCV x2  
  108  9:33  Marine x4  
  108  9:34  Marine  
  108  9:35  Widow Mine x2  
  108  9:36  Starport Tech Lab  
  108  9:37  SCV  
  118  9:39  Marine  
  118  9:42  SCV x2  
  121  9:49  SCV  
  122  9:54  Marine x4  
  122  9:55  Marine  
  122  9:56  Engineering Bay, Widow Mine, Battlecruiser  
  122  9:58  Engineering Bay  
  135  10:04  Marine x2  
  135  10:05  Marine x2  
  135  10:06  Widow Mine  
  141  10:09  SCV x3  
  141  10:11  Refinery  
  141  10:12  Marine  
  141  10:13  Refinery  
  145  10:15  Supply Depot  
  145  10:17  Widow Mine  
  147  10:21  SCV x2  
  149  10:36  SCV x3  
  149  10:37  Marine x3, Widow Mine  
  157  10:44  Supply Depot  
  157  10:45  Supply Depot  
  157  10:47  Supply Depot  
  157  10:58  Supply Depot  
  157  10:59  Supply Depot  
  157  11:03  Command Center, Supply Depot  
  157  11:06  Marine x4, SCV  
  157  11:08  Marine x2  
  164  11:18  Missile Turret  
  164  11:22  Supply Depot, Missile Turret x2  
  164  11:39  Marine x6  
  169  11:40  Marine x3  
  169  11:41  Medivac, Widow Mine x2  
  155  12:02  Widow Mine  
  138  12:14  Marine  
  138  12:15  Marine x7  
  143  12:16  Marine  
  146  12:26  Widow Mine x2  
  146  12:27  Battlecruiser  
  156  12:32  Marine x3  
  156  12:33  Marine x6  
  131  12:47  Widow Mine  
  131  12:50  Marine x4, Medivac x2  
  131  12:51  Marine x4  
  145  13:12  Marine x6  
  149  13:13  Marine x3  
  154  13:20  Medivac x2  
  158  13:31  Marine x6  
  158  13:32  Marine x3  
  167  13:41  Command Center  
  167  13:45  Command Center  
  167  13:58  Marine, Supply Depot  
  167  13:59  Marine x7  
  167  14:00  Marine  
  176  14:06  Armory  
  176  14:08  Armory  
  176  14:10  Orbital Command  
  176  14:16  Marine  
  177  14:17  SCV x3  
  180  14:29  SCV x3  
  180  14:30  Weapon Refit  
  183  14:33  Factory  
  183  14:41  SCV x2  
  183  14:42  SCV  
  137  15:41  Marine x5  
  137  15:42  Marine x3  
  108  16:08  Marine x4  
  108  16:09  Marine x5  
  108  16:10  Widow Mine  
  108  16:11  Widow Mine  
  115  16:12  Battlecruiser  
  115  16:13  Medivac x2  
  116  16:26  Marine x4  
  116  16:27  Marine x5  
  116  16:32  Widow Mine x2  
  129  16:43  Medivac x2  
  129  16:44  Marine x3  
  119  16:47  Marine  
  119  16:48  Marine x5  
  119  16:53  Widow Mine  
  119  16:54  Widow Mine  
  108  17:01  Marine  
  108  17:02  Marine x2  
  108  17:05  Marine x2  
  108  17:07  Marauder  
  105  17:16  Marine x3  
  105  17:19  Marine x2  
  105  17:20  Marine  
  111  17:23  Marine x2  
  111  17:27  Marine  
  114  17:33  Marine  
  114  17:34  Marine x2  
  117  17:37  Marine x2  
  117  17:38  Marine  
  117  17:41  Marine x2  
  122  17:45  Marine  
  122  17:47  Refinery  
  122  17:48  Refinery  
  122  17:51  Marine x2, Medivac x2, Widow Mine x2  
  127  17:52  Marine  
  127  17:53  Battlecruiser  
  127  17:55  Marine x2  
  127  17:56  Marine  
  143  17:59  Marine x2  
  143  18:03  Marine  
  146  18:09  Marine  
  147  18:18  Orbital Command  
  147  18:29  Marine x9  
  147  18:31  Widow Mine x2  
  147  18:32  Medivac  
  147  18:33  Sensor Tower  
  162  18:45  Factory Tech Lab  
  162  18:46  Marine  
  162  18:47  Marine x8  
  171  18:52  Widow Mine  
  171  18:53  Widow Mine  
  175  19:04  Marine x2  
  175  19:05  Marine  
  178  19:13  Widow Mine  
  178  19:14  Widow Mine  
  178  19:16  Sensor Tower  
  182  19:18  Refinery  
  182  19:20  Drilling Claws  
  182  19:23  Refinery  
  182  19:35  Widow Mine  
  134  20:29  Marine x4  
  134  20:30  Marine x5  
  134  20:32  Widow Mine x2  
  132  20:47  Marine x5  
  132  20:48  Marine x4  
  141  20:53  Orbital Command, Widow Mine x2  
  141  20:56  SCV x2  
  138  21:06  Marauder  
  138  21:08  Marine x3, SCV x2  
  138  21:09  Marine x5  
  148  21:20  SCV x2  
  150  21:26  Marine x3  
  150  21:28  Command Center  
  150  21:32  SCV x2  
  155  21:44  SCV  
  120  21:59  Marine x4  
  120  22:00  Marine x5  
  96  22:17  Marine x9  
  105  22:34  Marine  
  105  22:35  Marine x3  
  109  22:38  Marine x2  
  109  22:39  Marine x3  
  112  22:52  Marine  
  112  22:53  Marine x3  
  112  22:56  Marine x3  
  112  22:57  Marine x2  
  89  23:16  Marine  
  89  23:17  Marine x8  
  90  23:28  SCV  
  90  23:29  SCV x2  
  93  23:34  Marine x4, Refinery  
  93  23:35  Marine x5  
  93  23:39  Refinery  
  93  23:41  SCV x3  
  103  23:47  Medivac x2  
  103  23:48  Medivac  
  110  23:52  Marine x2  
  110  23:53  SCV x3  
  113  24:04  Planetary Fortress  
  113  24:05  SCV  
  113  24:06  SCV x2  
  116  24:17  Medivac x2  
  116  24:18  SCV x3, Medivac  
  125  24:30  SCV x2  
  127  24:55  Marine x4  
  127  24:56  Marine x2  
  127  24:57  Battlecruiser  
  108  25:08  Marine  
  108  25:09  Marine x2  
  108  25:13  Marine x4  
  115  25:25  Marine x2  
  115  25:26  Marine, Widow Mine x2  
  122  25:40  Refinery  
  122  25:43  Sensor Tower  
  122  25:46  Refinery  
  122  25:48  SCV x4, Widow Mine  
  128  26:06  Widow Mine  
  128  26:09  Widow Mine  
  130  26:27  Widow Mine  
  130  26:30  Widow Mine  
  140  26:47  Battlecruiser  
  140  26:48  Marine x9, Widow Mine  
  140  26:52  Widow Mine  
  115  27:05  Marine  
  115  27:06  Marine x7  
  123  27:08  Marine  
  123  27:10  Widow Mine  
  123  27:13  Widow Mine  
  128  27:23  Marine  
  128  27:24  Marine x7  
  128  27:26  Marine  
  137  27:31  Widow Mine  
  137  27:34  Widow Mine  
  135  27:41  Marine  
  135  27:42  Marine x7  
  137  27:53  Marine  
  129  27:59  Marine x4  
  129  28:00  Marine x4  
  123  28:11  Marine  
  119  28:17  Marine x7  
  119  28:18  Marauder  
  128  28:29  Marine  
  129  28:35  Marine, Barracks  
  129  28:40  SCV, Barracks  
  129  28:41  SCV x3  
  134  28:42  Ghost Academy x2  
  134  28:46  Widow Mine x2  
  134  28:47  Marine x2  
  134  28:48  Marine  
  141  28:53  SCV x2  
  137  29:05  Medivac x3  
  137  29:08  Widow Mine x2  
  147  29:29  Widow Mine x2  
  151  29:35  Medivac  
  151  29:50  Widow Mine  
  95  30:15  Marine x6  
  95  30:16  Marine x3  
Show
View Real Time Build Order
Export as new Build Order

pHARM Zerg - Winner!

Build Orders: Hatch First 

Get SALT Encoding   

  12  0:01  Drone  
  13  0:13  Overlord  
  13  0:23  Overlord  
  13  0:25  Drone  
  14  0:43  Drone x2  
  16  1:03  Hatchery  
  15  1:05  Drone x2  
  15  1:09  Drone  
  18  1:24  Spawning Pool  
  18  1:25  Drone  
  18  1:31  Drone  
  19  1:39  Drone  
  20  1:45  Extractor  
  19  1:57  Drone  
  20  2:12  Drone  
  20  2:13  Drone  
  20  2:14  Queen  
  20  2:15  Queen  
  26  2:16  Drone  
  27  2:24  Drone  
  28  2:35  Drone x2  
  30  2:48  Extractor  
  29  2:54  Drone x2  
  29  2:55  Drone x2  
  33  3:03  Drone  
  35  3:07  Drone  
  36  3:13  Overlord  
  36  3:21  Lair  
  36  3:37  Drone  
  36  3:38  Drone x7  
  44  3:54  Extractor  
  44  3:55  Extractor  
  41  4:00  Zergling x6  
  41  4:02  Metabolic Boost  
  44  4:34  Overlord x3  
  44  4:40  Evolution Chamber  
  43  4:46  Baneling Nest  
  43  4:48  Evolution Chamber  
  41  4:53  Drone x8  
  49  5:15  Zerg Ground Armor Level 1, Zerg Melee Weapons Level 1  
  49  5:32  Baneling x6  
  50  5:35  Zergling x2  
  50  5:36  Zergling x22  
  50  5:38  Hatchery  
  60  5:45  Drone  
  60  5:47  Hatchery  
  60  5:50  Centrifical Hooks  
  60  6:12  Hydralisk Den  
  60  6:13  Drone  
  60  6:16  Overlord  
  60  6:17  Overlord x2  
  60  6:32  Spore Crawler  
  59  6:33  Spore Crawler  
  59  6:35  Spore Crawler  
  59  6:36  Spore Crawler  
  56  6:42  Queen  
  56  6:43  Queen  
  60  6:48  Grooved Spines  
  60  6:56  Zergling x20  
  70  7:05  Zergling x12  
  76  7:30  Hydralisk  
  76  7:31  Nydus Network, Hydralisk x9  
  76  7:36  Extractor  
  94  7:39  Zerg Melee Weapons Level 2  
  94  7:44  Drone  
  94  7:45  Drone  
  94  7:46  Overlord x4  
  94  7:47  Overlord  
  96  7:59  Muscular Augments  
  96  8:12  Nydus Canal  
  96  8:17  Drone x15  
  96  8:18  Drone  
  83  8:54  Zergling x10  
  83  8:55  Drone x8  
  89  9:16  Extractor  
  88  9:17  Spore Crawler, Extractor  
  88  9:18  Spore Crawler  
  88  9:19  Spore Crawler  
  88  9:21  Spore Crawler  
  88  9:23  Spore Crawler  
  88  9:24  Spore Crawler  
  81  9:29  Spore Crawler  
  81  9:30  Spore Crawler, Drone  
  81  9:31  Drone x4  
  83  9:32  Drone  
  83  9:33  Spore Crawler  
  84  9:44  Drone  
  84  9:45  Drone  
  86  9:46  Drone  
  86  9:51  Hydralisk x12  
  111  9:58  Hatchery  
  110  10:17  Hydralisk x3  
  110  10:18  Hydralisk x8  
  132  10:34  Infestation Pit  
  127  10:45  Drone x3  
  130  10:50  Overlord x2  
  130  10:51  Zergling x12  
  136  11:00  Zerg Ground Armor Level 2  
  136  11:02  Zerg Missile Weapons Level 1  
  136  11:07  Overlord x4  
  136  11:08  Overlord  
  136  11:23  Baneling  
  136  11:24  Baneling x11  
  136  11:25  Zergling x26  
  148  11:26  Zergling x2  
  150  11:54  Zergling x10  
  150  11:55  Zergling x24  
  141  12:07  Zergling x2  
  141  12:08  Zergling x16  
  120  12:13  Baneling  
  120  12:14  Baneling x20  
  120  12:21  Zergling x4  
  120  12:22  Zergling x8  
  116  13:07  Hydralisk x15  
  116  13:08  Hydralisk  
  143  13:47  Overlord x4  
  143  13:52  Hive, Hatchery  
  142  14:21  Drone  
  143  14:24  Zerg Missile Weapons Level 2  
  143  14:31  Zergling x38  
  149  14:32  Zergling x24  
  173  14:57  Baneling  
  173  14:58  Baneling x24  
  173  14:59  Baneling x9  
  173  15:00  Zergling x2  
  174  15:19  Zergling x8  
  174  15:20  Zergling x16  
  136  15:39  Zergling x28  
  136  15:42  Baneling x4  
  144  15:43  Baneling x2  
  144  15:44  Baneling  
  115  16:05  Adrenal Glands  
  114  16:24  Extractor  
  114  16:25  Extractor  
  112  16:28  Spore Crawler  
  112  16:30  Spore Crawler  
  110  16:33  Spine Crawler  
  110  16:35  Spine Crawler x2  
  98  16:51  Hydralisk x11  
  98  16:52  Hydralisk x3  
  111  17:24  Drone x3  
  111  17:25  Drone x8  
  122  17:34  Hydralisk  
  123  17:51  Lair  
  123  18:10  Hatchery  
  122  18:25  Zergling x24  
  134  18:42  Hatchery  
  133  19:10  Baneling  
  133  19:11  Baneling x20  
  133  19:12  Hydralisk  
  133  19:13  Hydralisk x8  
  151  19:19  Hatchery  
  151  19:21  Hydralisk x2  
  124  20:14  Zergling x8  
  124  20:15  Zergling x50  
  144  20:31  Infestation Pit  
  140  21:23  Spawning Pool  
  139  21:31  Baneling x2  
  139  21:32  Baneling x10  
  139  21:33  Baneling x6  
  139  21:37  Drone  
  76  22:11  Zergling x4  
  76  22:12  Zergling x60  
  76  22:13  Zergling x4  
  109  22:35  Baneling x8  
  109  22:36  Hydralisk Den, Baneling x20  
  85  23:25  Hatchery  
  73  23:48  Overlord x6  
  68  24:03  Spawning Pool  
  67  24:29  Hydralisk x6  
  79  24:45  Hydralisk  
  79  24:46  Hydralisk x4  
  89  24:55  Lair  
  77  25:09  Zergling x18  
  78  25:26  Zergling x14  
  83  25:28  Baneling  
  83  25:29  Baneling x18  
  83  25:37  Lair  
  83  26:04  Drone  
  83  26:05  Drone x11  
  83  26:07  Extractor  
  94  26:12  Extractor  
  94  26:16  Drone x3  
  96  26:34  Overseer  
  96  26:35  Overseer x2  
  96  26:45  Baneling Nest  
  95  26:50  Hive  
  95  26:52  Infestation Pit  
  95  26:54  Hydralisk x2  
  95  26:55  Hydralisk x10  
  103  27:32  Hatchery  
  98  27:37  Hydralisk x10  
  98  27:38  Hydralisk  
  115  28:17  Ultralisk Cavern  
  114  28:21  Queen  
  114  28:22  Queen x2  
  120  28:35  Overlord x2  
  120  28:36  Overlord x3  
  120  28:51  Overlord x3  
  120  28:56  Queen  
  116  29:06  Ultralisk x8  
  164  29:22  Zergling x6  
  164  29:23  Zergling x12  
  127  30:28  Zergling x28  
Tags
 
Add a new tag
Caveats
  • Supply blocks, unpowered buildings, or Contaminate may cause inaccurate times.
  • Supply counts are checked every 10 seconds.